MLB
CLEVELAND INDIANS @ KANSAS CITY ROYALS
08/07/2045
 
TOP OF THE 1ST
Cleveland Indians batting - Pitching for Kansas City Royals : RHP Chris Irvin
Pitching: RHP Chris Irvin
Batting: LHB Arvin Dungca 0-0: Called Strike
0-1: Ball
1-1: Fly out, F7 (Flyball, 7LD, EV 92.5 MPH)
Batting: LHB Hector Pedroso 0-0: Ball
1-0: DOUBLE (Flyball, 78D, EV 100.6 MPH)
Batting: LHB Danny Dunham 0-0: Ball
1-0: Ball
2-0: Ball
3-0: Base on Balls
Batting: RHB Shigem Kubo 0-0: Ball
1-0: Called Strike
1-1: Foul Ball, location: 2F
1-2: Ball
2-2: Ball
3-2: Foul Ball, location: 2F
3-2: Fly out, F8 (Flyball, 8LD, EV 106.9 MPH)
Batting: RHB Hiroshige Yamada 0-0: Foul Ball, location: 2F
0-1: Ball
1-1: Ball
2-1: Foul Ball, location: 2F
2-2: Ground out 5-3 (Groundball, 56S, EV 72.5 MPH)
Top of the 1st over - 0 runs, 1 hit, 0 errors, 2 left on base; Cleveland 0 - Kansas City 0
BOTTOM OF THE 1ST
Kansas City Royals batting - Pitching for Cleveland Indians : RHP Jon Turman
Pitching: RHP Jon Turman
Batting: RHB Mike Jaquez 0-0: Foul Ball, location: 2F
0-1: Foul Ball, location: 2F
0-2: Foul Ball, location: 2F
0-2: Ball
1-2: Foul Ball, location: 2F
1-2: Strikes out looking
Batting: RHB Imbart Faber 0-0: Ball
1-0: Called Strike
1-1: Fly out, F7 (Flyball, 7S, EV 91.2 MPH)
Batting: LHB Mike Meyerhoff 0-0: SINGLE (Line Drive, 78M, EV 105.0 MPH)
Batting: SHB Tony Prado 0-0: Ball
1-0: Called Strike
1-1: Foul Ball, location: 2F
1-2: Ball
2-2: Foul Ball, location: 2F
2-2: SINGLE (Line Drive, 9LS, EV 90.0 MPH)
Mike Meyerhoff to second
Runner from 2nd tries for 3rd, SAFE, throw by RF made to third
Batting: SHB Gil Switzer 0-0: Foul Ball, location: 2F
0-1: Ground out 2-3 (Groundball, 15S, EV 71.9 MPH)
Bottom of the 1st over - 0 runs, 2 hits, 0 errors, 2 left on base; Cleveland 0 - Kansas City 0
TOP OF THE 2ND
Cleveland Indians batting - Pitching for Kansas City Royals : RHP Chris Irvin
Batting: RHB Ji-an Li 0-0: Called Strike
0-1: Ball
1-1: Ball
2-1: Ball
3-1: DOUBLE (Groundball, 5L, EV 105.0 MPH)
Batting: LHB Kyle Schaible 0-0: Ball
1-0: Called Strike
1-1: Ball
2-1: Fly out, F9 (Flyball, 9, EV 75.6 MPH)
Batting: RHB Drtian Thaqi 0-0: Called Strike
0-1: Ball
1-1: Foul Ball, location: 2F
1-2: Ball
2-2: Fly out, F9 (Flyball, 9S, EV 95.0 MPH)
Batting: RHB Jesus Galvan 0-0: Called Strike
0-1: Foul Ball, location: 2F
0-2: Strikes out swinging
Top of the 2nd over - 0 runs, 1 hit, 0 errors, 1 left on base; Cleveland 0 - Kansas City 0
BOTTOM OF THE 2ND
Kansas City Royals batting - Pitching for Cleveland Indians : RHP Jon Turman
Batting: LHB Manny Estrada 0-0: Called Strike
0-1: Ball
1-1: Called Strike
1-2: Fly out, F7 (Flyball, 7LS, EV 94.4 MPH)
Batting: SHB Gareth Busby 0-0: Ball
1-0: Called Strike
1-1: Foul Ball, location: 2F
1-2: Foul Ball, location: 2F
1-2: SINGLE (Line Drive, 34, EV 96.2 MPH)
Batting: RHB Aaron Matthews 0-0: Ball
1-0: Ball
2-0: Foul Ball, location: 2F
2-1: Foul Ball, location: 2F
2-2: Fly out, F4 (Popup, 34D, EV 62.5 MPH)
Batting: LHB Zion Davidson 0-0: Ball
1-0: Called Strike
1-1: Ball
2-1: Swinging Strike
2-2: Ball
3-2: SINGLE (Line Drive, 9S, EV 108.1 MPH)
Gareth Busby to second
Gareth Busby to third
Batting: RHB Mike Jaquez 0-0: Foul Ball, location: 2F
0-1: Ground out 5-3 (Groundball, 15, EV 79.4 MPH)
Bottom of the 2nd over - 0 runs, 2 hits, 0 errors, 2 left on base; Cleveland 0 - Kansas City 0
TOP OF THE 3RD
Cleveland Indians batting - Pitching for Kansas City Royals : RHP Chris Irvin
Batting: LHB Arvin Dungca 0-0: SINGLE (Groundball, 4MD, EV 103.1 MPH)
Batting: LHB Hector Pedroso 0-0: Fly out, F5 (Popup, 56S, EV 70.0 MPH)
Batting: LHB Danny Dunham 0-0: Foul Ball, location: 2F
0-1: Ball
1-1: Ball
2-1: Foul Ball, location: 2F
2-2: Grounds into double play, 6-4-3 (Groundball, 6S, EV 84.4 MPH)
Top of the 3rd over - 0 runs, 1 hit, 0 errors, 0 left on base; Cleveland 0 - Kansas City 0
BOTTOM OF THE 3RD
Kansas City Royals batting - Pitching for Cleveland Indians : RHP Jon Turman
Batting: RHB Imbart Faber 0-0: Ground out 6-3 (Groundball, 6M, EV 80.0 MPH)
Batting: LHB Mike Meyerhoff 0-0: Ball
1-0: SINGLE (Flyball, 8LS, EV 93.8 MPH)
Batting: SHB Tony Prado 0-0: Called Strike
0-1: Swinging Strike
0-2: Ball
1-2: Ball
2-2: SINGLE (Line Drive, 34D, EV 98.1 MPH)
Mike Meyerhoff to second
Runner from 2nd tries for 3rd, SAFE, throw by RF made to third
Batting: SHB Gil Switzer 0-0: Foul Ball, location: 2F
0-1: Ground out U3 (Groundball, 34S, EV 71.9 MPH)
Mike Meyerhoff scores
Tony Prado to second
Batting: LHB Manny Estrada 0-0: Ball
1-0: Swinging Strike
1-1: Foul Ball, location: 2F
1-2: Ball
2-2: Foul Ball, location: 2F
2-2: Foul Ball, location: 2F
2-2: Strikes out looking
Bottom of the 3rd over - 1 run, 2 hits, 0 errors, 1 left on base; Cleveland 0 - Kansas City 1
TOP OF THE 4TH
Cleveland Indians batting - Pitching for Kansas City Royals : RHP Chris Irvin
Batting: RHB Shigem Kubo 0-0: Ball
1-0: Fly out, F9 (Flyball, 9D, EV 101.9 MPH)
Batting: RHB Hiroshige Yamada 0-0: DOUBLE (Line Drive, 5D, EV 100.0 MPH)
Batting: RHB Ji-an Li 0-0: Called Strike
0-1: Ball
1-1: Swinging Strike
1-2: Ball
2-2: Fly out, F4 (Popup, 13, EV 83.8 MPH)
Batting: LHB Kyle Schaible 0-0: Fly out, F5 (Popup, 5, EV 78.1 MPH)
Top of the 4th over - 0 runs, 1 hit, 0 errors, 1 left on base; Cleveland 0 - Kansas City 1
BOTTOM OF THE 4TH
Kansas City Royals batting - Pitching for Cleveland Indians : RHP Jon Turman
Batting: SHB Gareth Busby 0-0: Ball
1-0: Ball
2-0: Ball
3-0: Base on Balls
Batting: RHB Aaron Matthews 0-0: Grounds into double play, 6-4-3 (Groundball, 6, EV 88.8 MPH)
Batting: LHB Zion Davidson 0-0: Called Strike
0-1: Foul Ball, location: 2F
0-2: Foul Ball, location: 2F
0-2: Ground out 4-3 (Groundball, 4, EV 98.1 MPH)
Bottom of the 4th over - 0 runs, 0 hits, 0 errors, 0 left on base; Cleveland 0 - Kansas City 1
TOP OF THE 5TH
Cleveland Indians batting - Pitching for Kansas City Royals : RHP Chris Irvin
Batting: RHB Drtian Thaqi 0-0: Ball
1-0: Called Strike
1-1: Ball
2-1: Ball
3-1: Base on Balls
Batting: RHB Jesus Galvan 0-0: Ball
1-0: SINGLE (Groundball, 34D, EV 103.8 MPH)
Drtian Thaqi to second
Runner from 2nd tries for 3rd, SAFE, throw by RF made to third
Jesus Galvan to second
Batting: LHB Arvin Dungca 0-0: Ball
1-0: Ball
2-0: SINGLE (Groundball, 34S, EV 68.1 MPH) (infield hit)
Batting: LHB Hector Pedroso 0-0: Ball
1-0: Grounds into fielders choice 1-2 (Groundball, 13, EV 70.6 MPH)
Jesus Galvan to third
Arvin Dungca to second
Batting: LHB Danny Dunham 0-0: Called Strike
0-1: Ball
1-1: Ball
2-1: Called Strike
2-2: Grounds into double play, 6-4-3 (Groundball, 6, EV 85.6 MPH)
Top of the 5th over - 0 runs, 2 hits, 0 errors, 2 left on base; Cleveland 0 - Kansas City 1
BOTTOM OF THE 5TH
Kansas City Royals batting - Pitching for Cleveland Indians : RHP Jon Turman
Batting: RHB Mike Jaquez 0-0: Called Strike
0-1: Ball
1-1: Ball
2-1: Ground out 5-3 (Groundball, 5, EV 85.6 MPH)
Batting: RHB Imbart Faber 0-0: Foul Ball, location: 2F
0-1: Ball
1-1: Ball
2-1: Ground out 5-3 (Groundball, 56S, EV 90.6 MPH)
Batting: LHB Mike Meyerhoff 0-0: Ball
1-0: Ball
2-0: Ball
3-0: Base on Balls
Batting: SHB Tony Prado 0-0: Ball
1-0: Swinging Strike
1-1: Ball
2-1: Ball
3-1: Called Strike
3-2: Ground out 4-3 (Groundball, 4S, EV 83.8 MPH)
Bottom of the 5th over - 0 runs, 0 hits, 0 errors, 1 left on base; Cleveland 0 - Kansas City 1
TOP OF THE 6TH
Cleveland Indians batting - Pitching for Kansas City Royals : RHP Chris Irvin
Batting: RHB Shigem Kubo 0-0: Ground out 5-3 (Groundball, 5L, EV 82.5 MPH)
Batting: RHB Hiroshige Yamada 0-0: Ground out 4-3 (Groundball, 4, EV 107.5 MPH)
Batting: RHB Ji-an Li 0-0: Ball
1-0: Ground out 6-3 (Groundball, 56, EV 98.8 MPH)
Top of the 6th over - 0 runs, 0 hits, 0 errors, 0 left on base; Cleveland 0 - Kansas City 1
BOTTOM OF THE 6TH
Kansas City Royals batting - Pitching for Cleveland Indians : RHP Jon Turman
Batting: SHB Gil Switzer 0-0: Called Strike
0-1: Ball
1-1: Ball
2-1: Ball
3-1: Base on Balls
Batting: LHB Manny Estrada 0-0: Ball
1-0: Foul Ball, location: 2F
1-1: Called Strike
1-2: Foul Ball, location: 2F
1-2: Ball
2-2: Grounds into double play, 6-4-3 (Groundball, 6, EV 88.8 MPH)
Batting: SHB Gareth Busby 0-0: Ball
1-0: Called Strike
1-1: Foul Ball, location: 2F
1-2: Hit by Pitch
Batting: RHB Aaron Matthews 0-0: Ball
1-0: Called Strike
1-1: Fielders Choice at 2nd, 6-4 (Groundball, 6, EV 104.4 MPH)
Bottom of the 6th over - 0 runs, 0 hits, 0 errors, 1 left on base; Cleveland 0 - Kansas City 1
TOP OF THE 7TH
Cleveland Indians batting - Pitching for Kansas City Royals : RHP Chris Irvin
Batting: LHB Kyle Schaible 0-0: Called Strike
0-1: DOUBLE (Flyball, 89XD, EV 103.1 MPH)
Batting: RHB Drtian Thaqi 0-0: Ball
1-0: Sac Bunt by 15 - play at third, runner safe!
Batting: RHB Jesus Galvan 0-0: Ball
1-0: Called Strike
1-1: Foul Ball, location: 2F
1-2: Ground out 4-3 (Groundball, 4, EV 86.2 MPH)
Drtian Thaqi to second
Batting: LHB Arvin Dungca 0-0: Called Strike
0-1: SINGLE (Line Drive, 8RS, EV 96.9 MPH)
Kyle Schaible scores
Drtian Thaqi to third
Batting: LHB Hector Pedroso 0-0: Ball
Arvin Dungca is caught stealing 2nd base 2-6
1-0: Ball
2-0: Called Strike
2-1: Called Strike
2-2: Foul Ball, location: 2F
2-2: Ball
3-2: Fly out, F9 (Flyball, 9LM, EV 90.6 MPH)
Top of the 7th over - 1 run, 2 hits, 0 errors, 1 left on base; Cleveland 1 - Kansas City 1
BOTTOM OF THE 7TH
Kansas City Royals batting - Pitching for Cleveland Indians : RHP Jon Turman
Pitching: RHP Hector Guerrero
Batting: LHB Zion Davidson 0-0: Called Strike
0-1: Foul Ball, location: 2F
0-2: Strikes out swinging
Batting: RHB Mike Jaquez 0-0: Swinging Strike
0-1: Foul Ball, location: 2F
0-2: Strikes out looking
Batting: RHB Imbart Faber 0-0: Fly out, F5 (Popup, 56, EV 74.4 MPH)
Bottom of the 7th over - 0 runs, 0 hits, 0 errors, 0 left on base; Cleveland 1 - Kansas City 1
TOP OF THE 8TH
Cleveland Indians batting - Pitching for Kansas City Royals : RHP Chris Irvin
Batting: LHB Danny Dunham 0-0: Ball
1-0: Ball
2-0: Ball
3-0: Swinging Strike
3-1: Foul Ball, location: 2F
3-2: Foul Ball, location: 2F
3-2: Foul Ball, location: 2F
3-2: Base on Balls
Pinch Runner at 1st Rich Stinson:
Batting: RHB Shigem Kubo 0-0: Called Strike
0-1: Ball
1-1: Ground out 4-3 (Groundball, 34, EV 79.4 MPH)
Rich Stinson to second
Pitching: RHP Gan Ts'ong
Batting: RHB Hiroshige Yamada 0-0: Ball
1-0: Foul Ball, location: 2F
1-1: Ball
2-1: Reached on error, E6 (Groundball, 6, EV 98.1 MPH)
Rich Stinson scores
Batting: RHB Ji-an Li 0-0: Ball
1-0: SINGLE (Line Drive, 89S, EV 97.5 MPH)
Hiroshige Yamada to third
Batting: LHB Kyle Schaible 0-0: Ball
Ji-an Li steals 2nd base
1-0: Foul Ball, location: 2F
1-1: DOUBLE (Line Drive, 3D, EV 103.1 MPH)
Hiroshige Yamada scores
Ji-an Li scores
Batting: RHB Drtian Thaqi 0-0: SINGLE (Groundball, 56D, EV 101.9 MPH)
Kyle Schaible to third
Runner from 3rd tries for Home, SAFE, throw by LF to home
Pitching: RHP Skyler Webster
Batting: RHB Jesus Galvan 0-0: Called Strike
0-1: Foul Ball, location: 2F
0-2: SINGLE (Groundball, 34D, EV 105.6 MPH) (infield hit)
Drtian Thaqi to second
Batting: LHB Arvin Dungca 0-0: Foul Ball, location: 2F
0-1: Ball
1-1: Ball
2-1: DOUBLE (Line Drive, 9LS, EV 94.4 MPH)
Drtian Thaqi scores
Jesus Galvan to third
Batting: LHB Hector Pedroso 0-0: Called Strike
0-1: Ball
1-1: Ball
2-1: Ball
3-1: Fly out, F8 (Flyball, 8RD, EV 84.4 MPH)
Runner from 3rd tags up, SCORES, throw by CF
Arvin Dungca to third
Batting: RHB Rich Stinson 0-0: Ground out 5-3 (Groundball, 56S, EV 88.8 MPH)
Top of the 8th over - 6 runs, 5 hits, 1 error, 1 left on base; Cleveland 7 - Kansas City 1
BOTTOM OF THE 8TH
Kansas City Royals batting - Pitching for Cleveland Indians : RHP Hector Guerrero
Now at 1B: Marty King
Batting: LHB Mike Meyerhoff 0-0: Ball
1-0: Ball
2-0: SOLO HOME RUN (Flyball, 9D, EV 98.1 MPH), Distance : 378 ft
Batting: SHB Tony Prado 0-0: Called Strike
0-1: Ball
1-1: Ball
2-1: Foul Ball, location: 2F
2-2: Ground out 4-3 (Groundball, 4, EV 79.4 MPH)
Batting: SHB Gil Switzer 0-0: Ball
1-0: Ball
2-0: SINGLE (Groundball, 34S, EV 67.5 MPH) (infield hit)
Batting: LHB Manny Estrada 0-0: Called Strike
0-1: Ball
Wild Pitch!
Gil Switzer to second
1-1: Ball
2-1: Foul Ball, location: 2F
2-2: Strikes out swinging
Batting: SHB Gareth Busby 0-0: Ball
1-0: Ball
2-0: 2-RUN HOME RUN (Flyball, 89XD, EV 103.8 MPH), Distance : 413 ft
Pitching: RHP Jorge Reyes
Batting: RHB Aaron Matthews 0-0: Fly out, F9 (Flyball, 89M, EV 94.4 MPH)
Bottom of the 8th over - 3 runs, 3 hits, 0 errors, 0 left on base; Cleveland 7 - Kansas City 4
TOP OF THE 9TH
Cleveland Indians batting - Pitching for Kansas City Royals : RHP Skyler Webster
Pitching: LHP John Brooks
Batting: RHB Shigem Kubo 0-0: Called Strike
0-1: Swinging Strike
0-2: Strikes out swinging
Batting: RHB Hiroshige Yamada 0-0: Fly out, F9 (Line Drive, 9S, EV 101.9 MPH)
Batting: RHB Ji-an Li 0-0: Called Strike
0-1: Ball
1-1: Called Strike
1-2: Strikes out swinging
Top of the 9th over - 0 runs, 0 hits, 0 errors, 0 left on base; Cleveland 7 - Kansas City 4
BOTTOM OF THE 9TH
Kansas City Royals batting - Pitching for Cleveland Indians : RHP Jorge Reyes
Batting: LHB Zion Davidson 0-0: Called Strike
0-1: Ball
1-1: SINGLE (Groundball, 4MS, EV 68.1 MPH) (infield hit)
Batting: RHB Mike Jaquez 0-0: Called Strike
0-1: Fly out, F4 (Flyball, 34D, EV 86.9 MPH)
Pinch Hitting: LHB Bill Baconneck 0-0: Ball
1-0: Fly out, F8 (Flyball, 89D, EV 99.4 MPH)
Batting: LHB Mike Meyerhoff 0-0: Foul Ball, location: 2F
0-1: Swinging Strike
0-2: Ball
1-2: Ball
2-2: Ball
3-2: Ground out 4-3 (Groundball, 4, EV 88.1 MPH)
Bottom of the 9th over - 0 runs, 1 hit, 0 errors, 1 left on base; Cleveland 7 - Kansas City 4
Wednesday, June 22nd , 2022 - OOTP Baseball 23.4 Build 64